General information
- name: BNet
- type: Ladder team game (AT/RT)
- host: Battle.net
- saver: bruceleepwnsUFC
map: FullScaleAssault
- players: 8
- length: 61:14
- speed: Fast
- version: 1.26 W3XP
- replay type: Public
» download(322 KB)
Players
team 1 (winner)
pimp2dagamee (
pink | 29 APM | 1170 actions | 39:53)
2 Death Knight
1 Death Coil
1 Death Pact
1 Crypt Lord
1 Impale
» actions
| Basic commands | 37 | |
| Build / train | 89 | |
| Enter build submenu | 28 | |
| Enter hero's abilities submenu | 3 | |
| Give item / drop item | 2 | |
| Remove unit from queue | 2 | |
| Right click | 495 | |
| Select / deselect | 429 | |
| Use ability | 85 | |
1170 total
» units
| Acolyte | 20 | |
| Ghoul | 10 | |
| Goblin Zeppelin | 2 | |
| Crypt Fiend | 9 | |
| Frost Wyrm | 4 | |
| Gargoyle | 13 | |
58 total
» upgrades
| Web | 1 | |
| Creature Attack | 1 | |
| Creature Carapace | 1 | |
| Freezing Breath | 1 | |
4 total
» buildings
| Crypt | 3 | |
| Altar of Darkness | 1 | |
| Ziggurat | 9 | |
| Graveyard | 1 | |
| Tomb of Relics | 1 | |
| Nerubian Tower | 2 | |
| Halls of the Dead | 2 | |
| Spirit Tower | 9 | |
| Necropolis | 3 | |
| Black Citadel | 1 | |
| Sacrificial Pit | 1 | |
| Boneyard | 3 | |
36 total
» build order
00:18 Crypt
00:23 Altar of Darkness
00:25 Ziggurat
00:44 Graveyard
00:56 Tomb of Relics
01:13 Ziggurat
04:40 Nerubian Tower
04:57 Halls of the Dead
05:34 Ziggurat
05:35 Ziggurat
05:49 Ziggurat
06:28 Nerubian Tower
06:34 Spirit Tower
06:54 Spirit Tower
06:58 Ziggurat
07:00 Ziggurat
07:51 Spirit Tower
07:53 Spirit Tower
07:57 Halls of the Dead
08:01 Ziggurat
08:06 Ziggurat
08:09 Spirit Tower
08:10 Spirit Tower
08:10 Spirit Tower
09:10 Spirit Tower
09:15 Spirit Tower
10:01 Necropolis
11:02 Black Citadel
11:11 Crypt
11:45 Sacrificial Pit
13:03 Necropolis
13:29 Boneyard
13:32 Boneyard
13:38 Boneyard
21:01 Crypt
21:12 Necropolis
» items
| Rod of Necromancy | 2 | |
| Dust of Appearance | 1 | |
| Potion of Healing | 2 | |
| Scroll of Town Portal | 1 | |
6 total
bruceleepwnsUFC (
purple | 58 APM | 3533 actions | 61:14)
8 Goblin Alchemist
3 Chemical Rage
2 Healing Spray
1 Transmute
2 Acid Bomb
» actions
| Assign group hotkey | 57 | |
| Basic commands | 111 | |
| Build / train | 130 | |
| Enter build submenu | 41 | |
| Enter hero's abilities submenu | 8 | |
| Give item / drop item | 3 | |
| Remove unit from queue | 1 | |
| Right click | 1373 | |
| Select / deselect | 474 | |
| Select group hotkey | 974 | |
| Use ability | 360 | |
3533 total
» units
| Peon | 33 | |
| Grunt | 5 | |
| Goblin Shredder | 7 | |
| Goblin Zeppelin | 7 | |
| Wind Rider | 10 | |
| Troll Batrider | 4 | |
| Raider | 3 | |
69 total
» upgrades
| Ranged Weapons | 3 | |
| Armor | 3 | |
| Envenomed Spears | 1 | |
| Reinforced Defenses | 1 | |
| Melee Weapons | 2 | |
| Ensnare | 1 | |
11 total
» buildings
| Altar of Storms | 3 | |
| Orc Burrow | 19 | |
| Barracks | 1 | |
| Voodoo Lounge | 3 | |
| Stronghold | 4 | |
| Great Hall | 4 | |
| Beastiary | 8 | |
| War Mill | 2 | |
| Watch Tower | 61 | |
| Fortress | 4 | |
109 total
» build order
00:08 Altar of Storms
00:20 Orc Burrow
00:37 Barracks
01:22 Orc Burrow
02:05 Voodoo Lounge
02:55 Stronghold
02:56 Stronghold
02:56 Stronghold
04:49 Great Hall
05:31 Beastiary
05:32 Beastiary
05:53 War Mill
06:33 Orc Burrow
08:18 Watch Tower
08:18 Watch Tower
08:19 Watch Tower
08:19 Watch Tower
09:48 Fortress
09:49 Fortress
10:11 Great Hall
10:13 Watch Tower
10:13 Watch Tower
10:13 Watch Tower
10:13 Watch Tower
10:17 Watch Tower
10:18 Watch Tower
10:18 Watch Tower
10:21 Watch Tower
10:22 Watch Tower
11:25 Orc Burrow
11:26 Orc Burrow
11:27 Orc Burrow
11:28 Watch Tower
11:29 Watch Tower
13:01 Orc Burrow
13:01 Orc Burrow
13:53 War Mill
15:57 Beastiary
15:57 Beastiary
16:15 Great Hall
16:25 Watch Tower
17:24 Watch Tower
17:24 Watch Tower
20:03 Watch Tower
20:03 Watch Tower
20:04 Watch Tower
20:04 Watch Tower
20:06 Watch Tower
20:06 Watch Tower
20:07 Watch Tower
20:07 Watch Tower
20:07 Watch Tower
21:02 Watch Tower
21:02 Watch Tower
21:03 Watch Tower
21:03 Watch Tower
21:04 Watch Tower
21:05 Watch Tower
21:05 Watch Tower
21:06 Watch Tower
21:06 Watch Tower
22:56 Watch Tower
22:57 Watch Tower
22:57 Watch Tower
22:58 Watch Tower
22:59 Watch Tower
23:00 Watch Tower
23:00 Watch Tower
23:01 Watch Tower
23:01 Watch Tower
24:52 Great Hall
24:56 Orc Burrow
24:56 Orc Burrow
26:12 Watch Tower
26:12 Watch Tower
26:13 Watch Tower
28:30 Watch Tower
28:30 Watch Tower
28:30 Watch Tower
28:31 Watch Tower
28:31 Watch Tower
28:31 Watch Tower
28:33 Watch Tower
30:23 Watch Tower
30:23 Watch Tower
30:24 Watch Tower
30:24 Watch Tower
35:51 Stronghold
44:46 Fortress
44:47 Fortress
44:50 Voodoo Lounge
44:52 Voodoo Lounge
51:17 Altar of Storms
51:21 Orc Burrow
51:24 Orc Burrow
51:26 Altar of Storms
51:28 Orc Burrow
51:38 Orc Burrow
54:40 Beastiary
54:41 Beastiary
54:41 Beastiary
54:46 Beastiary
54:48 Orc Burrow
54:49 Orc Burrow
56:01 Orc Burrow
56:53 Orc Burrow
56:53 Orc Burrow
» items
| Healing Salve | 7 | |
| Staff of Teleportation | 1 | |
| Scroll of Town Portal | 8 | |
| Orb of Lightning | 1 | |
| Tiny Great Hall | 1 | |
| Potion of Healing | 5 | |
| Scroll of Healing | 1 | |
| Potion of Lesser Invulnerability | 1 | |
| Lesser Clarity Potion | 1 | |
| Potion of Mana | 1 | |
27 total

»
jt.169 (
blue | 25 APM | 632 actions | 25:06)
4 Far Seer
2 Feral Spirit
2 Chain Lighting
» actions
| Assign group hotkey | 2 | |
| Build / train | 85 | |
| Enter build submenu | 25 | |
| Enter hero's abilities submenu | 4 | |
| Remove unit from queue | 1 | |
| Right click | 251 | |
| Select / deselect | 202 | |
| Select group hotkey | 29 | |
| Use ability | 33 | |
632 total
» units
| Peon | 19 | |
| Troll Headhunter/Berserker | 37 | |
| Shaman | 13 | |
69 total
» upgrades
| Ranged Weapons | 3 | |
| Troll Regeneration | 1 | |
| Shaman Training | 2 | |
| Spiked Barricades | 1 | |
| Berserker Upgrade | 1 | |
| Pillage | 0 | |
8 total
» buildings
| Altar of Storms | 1 | |
| War Mill | 1 | |
| Orc Burrow | 15 | |
| Barracks | 2 | |
| Stronghold | 1 | |
| Spirit Lodge | 1 | |
| Fortress | 1 | |
| Watch Tower | 2 | |
| Voodoo Lounge | 1 | |
25 total
» build order
00:32 Altar of Storms
00:49 War Mill
01:10 Orc Burrow
01:39 Barracks
02:38 Orc Burrow
03:32 Orc Burrow
04:47 Orc Burrow
04:51 Stronghold
06:51 Orc Burrow
07:41 Spirit Lodge
07:50 Orc Burrow
08:03 Orc Burrow
08:19 Fortress
10:00 Orc Burrow
11:01 Orc Burrow
12:17 Orc Burrow
13:19 Watch Tower
15:20 Voodoo Lounge
16:48 Watch Tower
18:51 Orc Burrow
18:57 Orc Burrow
19:03 Orc Burrow
23:18 Orc Burrow
23:21 Orc Burrow
23:28 Barracks

»
evilspitfire (
green | 24 APM | 598 actions | 25:01)
3 Blademaster
1 Wind Walk
2 Mirror Image
3 Tauren Chieftain
1 War Stomp
2 Endurance Aura
» actions
| Basic commands | 2 | |
| Build / train | 65 | |
| Enter build submenu | 37 | |
| Enter hero's abilities submenu | 6 | |
| Give item / drop item | 1 | |
| Right click | 210 | |
| Select / deselect | 213 | |
| Use ability | 64 | |
598 total
» units
| Peon | 26 | |
| Grunt | 4 | |
| Tauren | 8 | |
| Troll Witch Doctor | 8 | |
46 total
» upgrades
| Witch Doctor Training | 2 | |
| Pulverize | 1 | |
| Melee Weapons | 3 | |
| Armor | 1 | |
7 total
» buildings
| Orc Burrow | 8 | |
| Altar of Storms | 1 | |
| Barracks | 1 | |
| War Mill | 1 | |
| Stronghold | 1 | |
| Fortress | 1 | |
| Great Hall | 1 | |
| Spirit Lodge | 1 | |
| Tauren Totem | 2 | |
| Voodoo Lounge | 1 | |
| Watch Tower | 20 | |
38 total
» build order
00:39 Orc Burrow
00:55 Altar of Storms
01:12 Barracks
01:29 Orc Burrow
02:03 War Mill
02:56 Stronghold
03:31 Orc Burrow
04:32 Orc Burrow
05:39 Fortress
07:12 Great Hall
07:18 Spirit Lodge
08:12 Tauren Totem
08:15 Tauren Totem
08:39 Orc Burrow
10:06 Voodoo Lounge
11:55 Watch Tower
13:12 Orc Burrow
13:22 Watch Tower
13:27 Watch Tower
15:23 Watch Tower
15:27 Watch Tower
16:03 Watch Tower
16:30 Watch Tower
16:43 Watch Tower
17:14 Watch Tower
17:42 Watch Tower
17:51 Watch Tower
18:12 Orc Burrow
18:15 Orc Burrow
18:33 Watch Tower
18:50 Watch Tower
18:58 Watch Tower
20:02 Watch Tower
20:11 Watch Tower
20:21 Watch Tower
22:35 Watch Tower
23:00 Watch Tower
23:10 Watch Tower
» items
| Potion of Lesser Invulnerability | 1 | |
| Scroll of Healing | 1 | |
2 total
team 2 (loser)
Slapped (
teal | 69 APM | 4242 actions | 61:13)
10 Blademaster
3 Wind Walk
3 Critical Strike
1 Bladestorm
3 Mirror Image
» actions
| Assign group hotkey | 25 | |
| Basic commands | 32 | |
| Build / train | 80 | |
| Enter build submenu | 12 | |
| Enter hero's abilities submenu | 10 | |
| Give item / drop item | 13 | |
| Right click | 2095 | |
| Select / deselect | 303 | |
| Select group hotkey | 1583 | |
| Use ability | 89 | |
4242 total
» units
| Peon | 9 | |
| Wind Rider | 24 | |
| Blue Dragon | 1 | |
34 total
» upgrades
| Ranged Weapons | 3 | |
| Envenomed Spears | 1 | |
| Armor | 3 | |
| Reinforced Defenses | 1 | |
| Spiked Barricades | 1 | |
| Pillage | 1 | |
10 total
» buildings
| Altar of Storms | 1 | |
| Orc Burrow | 6 | |
| Voodoo Lounge | 1 | |
| War Mill | 1 | |
| Stronghold | 2 | |
| Fortress | 1 | |
| Beastiary | 2 | |
| Great Hall | 1 | |
15 total
» build order
00:05 Altar of Storms
00:17 Orc Burrow
01:06 Voodoo Lounge
01:14 War Mill
02:26 Stronghold
02:27 Stronghold
02:50 Orc Burrow
04:49 Fortress
04:51 Beastiary
04:52 Beastiary
05:23 Orc Burrow
10:01 Orc Burrow
13:03 Orc Burrow
13:04 Orc Burrow
13:08 Great Hall
» items
| Circlet of Nobility | 3 | |
| Healing Salve | 3 | |
| Lesser Clarity Potion | 6 | |
| Boots of Speed | 1 | |
| Staff of Teleportation | 1 | |
| Orb of Lightning | 2 | |
| Potion of Healing | 1 | |
| Potion of Mana | 1 | |
18 total
I-Aint-A-Fink (
orange | 75 APM | 4199 actions | 56:03)
6 Archmage
3 Summon Water Elemental
2 Brilliance Aura
1 Mass Teleport
» actions
| Assign group hotkey | 70 | |
| Basic commands | 320 | |
| Build / train | 116 | |
| ESC pressed | 3 | |
| Enter build submenu | 43 | |
| Enter hero's abilities submenu | 6 | |
| Give item / drop item | 14 | |
| Right click | 1565 | |
| Select / deselect | 647 | |
| Select group hotkey | 1259 | |
| Use ability | 155 | |
4199 total
» units
| Peasant | 20 | |
| Footman | 3 | |
| Goblin Zeppelin | 2 | |
| Goblin Shredder | 1 | |
| Gryphon Rider | 8 | |
| Blue Drake | 1 | |
| Blue Dragon Whelp | 1 | |
| Dragonhawk Rider | 6 | |
| Blue Dragon | 4 | |
46 total
» upgrades
| Masonry | 3 | |
| Lumber Harvesting | 2 | |
| Plating | 3 | |
| Swords | 3 | |
| Armor | 3 | |
| Animal War Training | 1 | |
| Storm Hammers | 1 | |
| Cloud | 1 | |
| Backpack | 1 | |
| Gunpowder | 3 | |
| Magic Sentry | 1 | |
| Barrage | 1 | |
| Fragmentation Shards | 1 | |
| Defend | 1 | |
| Long Rifles | 1 | |
| Flak Cannons | 1 | |
| Flying Machine Bombs | 1 | |
| Flare | 1 | |
| Sorceress Training | 2 | |
| Priest Training | 2 | |
| Control Magic | 1 | |
34 total
» buildings
| Altar of Kings | 1 | |
| Barracks | 1 | |
| Farm | 12 | |
| Arcane Vault | 1 | |
| Town Hall | 3 | |
| Scout Tower | 13 | |
| Lumber Mill | 1 | |
| Keep | 2 | |
| Guard Tower | 7 | |
| Castle | 1 | |
| Blacksmith | 1 | |
| Gryphon Aviary | 7 | |
| Workshop | 3 | |
| Arcane Sanctum | 1 | |
54 total
» build order
00:07 Altar of Kings
00:12 Barracks
00:15 Farm
01:25 Farm
02:06 Farm
02:58 Arcane Vault
03:21 Town Hall
05:03 Scout Tower
05:04 Scout Tower
05:26 Lumber Mill
05:45 Keep
06:04 Guard Tower
06:04 Guard Tower
06:57 Farm
07:01 Farm
08:08 Castle
09:29 Blacksmith
09:43 Scout Tower
09:44 Scout Tower
09:45 Scout Tower
09:47 Town Hall
11:02 Guard Tower
12:17 Gryphon Aviary
12:18 Gryphon Aviary
12:19 Gryphon Aviary
12:20 Gryphon Aviary
12:23 Farm
12:29 Scout Tower
12:30 Scout Tower
12:31 Scout Tower
12:33 Scout Tower
12:34 Scout Tower
12:35 Scout Tower
12:56 Farm
12:58 Farm
13:19 Guard Tower
14:19 Guard Tower
19:19 Farm
20:43 Gryphon Aviary
20:44 Gryphon Aviary
20:49 Gryphon Aviary
20:52 Farm
20:53 Farm
20:53 Farm
21:26 Scout Tower
21:27 Scout Tower
21:34 Keep
22:02 Guard Tower
22:03 Guard Tower
22:21 Workshop
22:23 Workshop
22:24 Arcane Sanctum
22:29 Workshop
34:47 Town Hall
» items
| Scroll of Regeneration | 8 | |
| Periapt of Vitality | 1 | |
| Staff of Teleportation | 1 | |
| Lesser Clarity Potion | 1 | |
| Scroll of Town Portal | 5 | |
| Mechanical Critter | 1 | |
17 total
StandByYourMan (
red | 42 APM | 2596 actions | 61:13)
10 Mountain King
3 Storm Bolt
3 Bash
1 Avatar
3 Thunder Clap
» actions
| Assign group hotkey | 68 | |
| Basic commands | 318 | |
| Build / train | 111 | |
| Enter build submenu | 42 | |
| Enter hero's abilities submenu | 10 | |
| Give item / drop item | 10 | |
| Remove unit from queue | 2 | |
| Right click | 1226 | |
| Select / deselect | 495 | |
| Select group hotkey | 187 | |
| Use ability | 124 | |
2596 total
» units
| Peasant | 12 | |
| Footman | 6 | |
| Goblin Shredder | 1 | |
| Knight | 3 | |
| Priest | 1 | |
| Goblin Zeppelin | 2 | |
| Mortar Team | 1 | |
| Flying Machine | 21 | |
47 total
» upgrades
| Masonry | 3 | |
| Animal War Training | 1 | |
| Plating | 3 | |
| Swords | 3 | |
| Priest Training | 2 | |
| Magic Sentry | 1 | |
| Long Rifles | 1 | |
| Gunpowder | 3 | |
| Lumber Harvesting | 2 | |
| Armor | 3 | |
| Flak Cannons | 1 | |
23 total
» buildings
| Altar of Kings | 1 | |
| Barracks | 3 | |
| Farm | 16 | |
| Arcane Vault | 1 | |
| Keep | 1 | |
| Town Hall | 3 | |
| Lumber Mill | 1 | |
| Blacksmith | 2 | |
| Castle | 1 | |
| Arcane Sanctum | 2 | |
| Scout Tower | 14 | |
| Guard Tower | 3 | |
| Workshop | 6 | |
54 total
» build order
00:38 Altar of Kings
00:39 Barracks
00:50 Farm
01:05 Farm
01:06 Farm
01:45 Farm
02:50 Farm
03:48 Arcane Vault
04:46 Keep
04:50 Town Hall
05:13 Barracks
05:56 Lumber Mill
05:59 Blacksmith
07:54 Castle
08:06 Farm
10:52 Arcane Sanctum
10:55 Arcane Sanctum
12:12 Blacksmith
18:32 Scout Tower
18:32 Scout Tower
18:33 Scout Tower
18:33 Scout Tower
18:34 Barracks
18:36 Scout Tower
19:01 Town Hall
19:03 Scout Tower
19:03 Scout Tower
19:04 Scout Tower
19:04 Scout Tower
19:05 Scout Tower
19:05 Scout Tower
19:06 Scout Tower
19:07 Scout Tower
19:07 Scout Tower
19:12 Guard Tower
19:53 Guard Tower
22:49 Guard Tower
25:24 Workshop
25:25 Workshop
25:26 Workshop
25:26 Workshop
25:31 Workshop
25:32 Workshop
31:40 Town Hall
45:11 Farm
45:13 Farm
45:13 Farm
45:14 Farm
45:15 Farm
45:17 Farm
45:52 Farm
45:53 Farm
45:53 Farm
46:41 Farm
51:27 Keep
» items
| Scroll of Regeneration | 5 | |
| Potion of Healing | 5 | |
| Potion of Mana | 2 | |
| Lesser Clarity Potion | 3 | |
| Scroll of Town Portal | 4 | |
| Potion of Lesser Invulnerability | 1 | |
20 total
the-sardaukar (
yellow | 15 APM | 890 actions | 61:13)
4 Archmage
2 Summon Water Elemental
2 Brilliance Aura
4 Paladin
1 Holy Light
1 Divine Shield
2 Devotion Aura
4 Mountain King
2 Storm Bolt
2 Bash
» actions
| Basic commands | 28 | |
| Build / train | 95 | |
| Enter build submenu | 34 | |
| Enter hero's abilities submenu | 12 | |
| Right click | 239 | |
| Select / deselect | 371 | |
| Use ability | 111 | |
890 total
» units
| Peasant | 12 | |
| Goblin Shredder | 1 | |
| Mortar Team | 4 | |
| Siege Engine | 13 | |
| Goblin Zeppelin | 1 | |
31 total
» upgrades
| Masonry | 3 | |
| Gunpowder | 2 | |
| Plating | 3 | |
| Magic Sentry | 1 | |
| Barrage | 1 | |
| Fragmentation Shards | 1 | |
| Flare | 1 | |
12 total
» buildings
| Lumber Mill | 1 | |
| Scout Tower | 45 | |
| Farm | 18 | |
| Guard Tower | 32 | |
| Altar of Kings | 1 | |
| Town Hall | 4 | |
| Keep | 1 | |
| Blacksmith | 1 | |
| Arcane Sanctum | 1 | |
| Workshop | 3 | |
| Castle | 1 | |
| Arcane Vault | 1 | |
109 total
» build order
00:13 Lumber Mill
01:08 Scout Tower
01:10 Scout Tower
01:12 Scout Tower
01:18 Scout Tower
01:34 Farm
01:36 Farm
01:38 Farm
01:48 Scout Tower
01:49 Scout Tower
01:50 Scout Tower
01:53 Scout Tower
01:55 Scout Tower
02:03 Guard Tower
02:19 Guard Tower
02:29 Guard Tower
02:55 Guard Tower
03:02 Scout Tower
03:03 Scout Tower
03:17 Farm
03:19 Farm
03:20 Farm
03:21 Farm
03:40 Guard Tower
03:59 Guard Tower
04:13 Farm
04:13 Farm
04:14 Farm
04:21 Scout Tower
04:22 Scout Tower
04:22 Scout Tower
04:32 Scout Tower
04:32 Scout Tower
04:33 Scout Tower
04:48 Guard Tower
05:08 Guard Tower
05:27 Guard Tower
05:42 Guard Tower
05:49 Scout Tower
05:53 Guard Tower
06:03 Guard Tower
06:10 Scout Tower
06:15 Scout Tower
06:16 Scout Tower
06:17 Scout Tower
06:25 Scout Tower
06:26 Scout Tower
06:27 Scout Tower
06:42 Farm
06:49 Scout Tower
06:49 Scout Tower
06:58 Guard Tower
07:29 Guard Tower
07:31 Guard Tower
07:32 Guard Tower
07:44 Altar of Kings
08:08 Town Hall
08:13 Town Hall
08:21 Guard Tower
08:25 Guard Tower
09:05 Keep
09:34 Blacksmith
10:33 Guard Tower
10:52 Guard Tower
11:28 Arcane Sanctum
11:40 Workshop
12:04 Castle
12:12 Scout Tower
12:13 Scout Tower
12:15 Scout Tower
12:15 Scout Tower
12:17 Scout Tower
12:18 Scout Tower
12:19 Scout Tower
12:45 Workshop
13:10 Scout Tower
13:11 Scout Tower
13:13 Scout Tower
13:13 Scout Tower
13:24 Guard Tower
13:26 Guard Tower
14:01 Workshop
14:12 Guard Tower
14:13 Guard Tower
14:39 Guard Tower
14:40 Guard Tower
15:09 Farm
15:10 Farm
15:11 Farm
15:23 Farm
15:25 Farm
15:26 Farm
15:28 Farm
15:36 Guard Tower
17:24 Arcane Vault
17:38 Town Hall
17:48 Scout Tower
17:48 Scout Tower
17:49 Scout Tower
17:50 Scout Tower
17:51 Scout Tower
17:53 Scout Tower
17:54 Scout Tower
18:14 Guard Tower
22:33 Guard Tower
22:40 Guard Tower
23:28 Guard Tower
23:40 Guard Tower
29:58 Town Hall
» items
| Orb of Fire | 2 | |
| Scroll of Town Portal | 1 | |
3 total
Chat log
(00:11 / Allies) pimp2dagamee: 100 gold plz quick
(00:12 / Allies) evilspitfire: taur docs
(00:26 / Allies) pimp2dagamee: ty
(00:31 / Allies) evilspitfire: yep
(00:43 / Allies) jt.169: ill go hh
(02:07 / Allies) jt.169: bm or fs
(02:12 / Allies) bruceleepwnsUFC: fs
(06:10 / All) pimp2dagamee: ur a fag teeal
(08:56 / All) StandByYourMan: my lucky day
(08:58 / All) StandByYourMan: my lucky day
(11:16 / All) StandByYourMan: I have been confusing yellow and orange lawls
(11:39 / Allies) evilspitfire: u guys about rdy
(11:44 / Allies) bruceleepwnsUFC: no
(11:56 / Allies) jt.169: i can be soon
(12:08 / Allies) jt.169: just waiting on shamans
(12:39 / Allies) jt.169: lumber anyone
(13:59 / Allies) jt.169: can anyone give me 100 lumber
(14:16 / Allies) jt.169: ty
(15:17 / Allies) bruceleepwnsUFC: ill get top island
(15:49 / Allies) bruceleepwnsUFC: i got it pink
(15:50 / Allies) bruceleepwnsUFC: get out
(16:17 / Allies) evilspitfire: we need to do somthing
(16:33 / Allies) jt.169: lets meet
(17:21 / Allies) evilspitfire: get some more webs
(17:30 / Allies) jt.169: mass fiends
(17:32 / Allies) evilspitfire: ok u got some
(17:33 / Allies) bruceleepwnsUFC: gold plz
(18:27 / Allies) evilspitfire: let sfuckin meet
(19:21 / Allies) jt.169: lets do it
(19:34 / Allies) bruceleepwnsUFC: ppink is tking
(19:45 / All) pimp2dagamee: u tked me u fuck
(19:49 / Allies) evilspitfire: hes down here how can that be lmfao
(19:52 / Allies) evilspitfire: stop
(20:34 / Allies) evilspitfire: im comin lets get those towers
(21:07 / Allies) jt.169: well thanks guys
(21:07 / Allies) evilspitfire: wait
(21:23 / Allies) jt.169: reds gunna fuck me
(22:08 / Allies) evilspitfire: now
(22:43 / Allies) evilspitfire: more aa now
(22:50 / Allies) evilspitfire: blue build
(23:01 / Allies) jt.169: i need gold
(23:29 / All) pimp2dagamee: have the mmine
(23:32 / Allies) pimp2dagamee: have it
(23:33 / All) bruceleepwnsUFC: ok
(23:33 / Allies) pimp2dagamee: have itr
(23:34 / Allies) pimp2dagamee: fvds
(23:37 / All) bruceleepwnsUFC: let me kill ur gargs first
(23:41 / All) bruceleepwnsUFC: ill let u get fiends
(23:41 / Allies) evilspitfire: aa dcome
(23:42 / All) bruceleepwnsUFC: pink
(23:42 / Allies) jt.169: pink give me some gold
(23:43 / All) bruceleepwnsUFC: not gargs
(23:48 / All) pimp2dagamee: s
(23:48 / All) pimp2dagamee: BGHAE
(23:48 / All) pimp2dagamee: ty
(23:49 / All) pimp2dagamee: G
(23:50 / All) pimp2dagamee: w
(23:50 / Allies) pimp2dagamee: QW
(23:50 / Allies) evilspitfire: omfg u guys suck
(23:50 / All) pimp2dagamee: GAWES?
(23:51 / All) pimp2dagamee: ADSG
(23:51 / All) pimp2dagamee: GADS
(23:52 / All) pimp2dagamee: gwe?
(23:52 / All) pimp2dagamee: grwe
(23:52 / All) pimp2dagamee: GRWE
(23:53 / All) pimp2dagamee: sDS
(23:53 / All) pimp2dagamee: GAD
(23:54 / All) pimp2dagamee: gads
(23:54 / All) pimp2dagamee: gwed
(23:55 / All) pimp2dagamee: gdsGDS
(23:55 / All) pimp2dagamee: gwdes
(23:56 / All) pimp2dagamee: zgds
(23:57 / All) pimp2dagamee: gds
(23:57 / All) pimp2dagamee: gds
(23:58 / All) pimp2dagamee: GADS
(23:58 / All) pimp2dagamee: gdes
(23:59 / All) pimp2dagamee: ghds
(23:59 / All) pimp2dagamee: fgahds
(24:06 / Allies) evilspitfire: u guys suck
(24:12 / Allies) evilspitfire: go now purp
(24:13 / All) jt.169: well pink and purp attacked eachother
(24:18 / All) jt.169: thanks guys
(24:27 / Allies) evilspitfire: u fucking noobs
(24:39 / Allies) evilspitfire: well u guys fucking blow
(24:55 / Allies) jt.169: that was terrible
(24:58 / Allies) evilspitfire: bye u fucki cocksuckers
(25:09 / All) I-Aint-A-Fink: not over yet
(25:11 / All) I-Aint-A-Fink: don't leave
(25:28 / All) I-Aint-A-Fink: GTFO teal
(25:29 / All) I-Aint-A-Fink: lagger
(25:54 / All) pimp2dagamee: purp is fag
(25:59 / All) pimp2dagamee: purp is a fag
(26:04 / All) pimp2dagamee: purp is a cunt
(26:08 / All) I-Aint-A-Fink: lvl 6 please
(26:08 / All) StandByYourMan: mk with 2 mana pendants
(26:12 / All) pimp2dagamee: purp is a cocksucker
(26:12 / All) StandByYourMan: yeah bro rigged from the start
(26:17 / All) pimp2dagamee: tked me for no reason
(27:48 / All) pimp2dagamee: he has a expo
(27:52 / All) pimp2dagamee: bottom right
(28:25 / All) pimp2dagamee: ur a fag dude
(28:30 / All) pimp2dagamee: ur going to loose
(28:32 / All) pimp2dagamee: leave
(28:33 / All) bruceleepwnsUFC: no im ont
(28:34 / All) bruceleepwnsUFC: lalw
(28:41 / All) pimp2dagamee: yes u will fag
(28:46 / Allies) bruceleepwnsUFC: i have spies on the othre team
(28:47 / All) pimp2dagamee: u have no chance
(29:06 / All) pimp2dagamee: he has a expo on the bottom
(29:20 / All) I-Aint-A-Fink: GIVE ME LEVEL 6 FAGGOTS
(29:24 / All) I-Aint-A-Fink: IF YOU WANT TO WIN
(29:33 / All) Slapped: give me 11
(29:45 / All) pimp2dagamee: u lose fago
(29:59 / All) pimp2dagamee: fag
(30:01 / All) Slapped: he wont be able to get to our bases
(30:04 / All) Slapped: in teh first place
(30:06 / All) bruceleepwnsUFC: pink im gonna win this
(30:07 / All) bruceleepwnsUFC: watch
(30:26 / All) pimp2dagamee: he has a expo
(30:32 / All) pimp2dagamee: purp has a expo
(30:35 / All) Slapped: si
(30:36 / All) bruceleepwnsUFC: teal has been a little fag this game
(30:42 / All) Slapped: yeah
(30:46 / All) Slapped: lvl 10 too
(31:33 / All) bruceleepwnsUFC: like i said pink
(31:34 / All) bruceleepwnsUFC: i have this own
(32:04 / All) Slapped: lol grats
(32:20 / All) bruceleepwnsUFC: u can leave pink
(32:23 / All) bruceleepwnsUFC: u got raped lawl
(32:26 / All) Slapped: /afk
(32:31 / All) pimp2dagamee: fuck u
(32:33 / All) bruceleepwnsUFC: u arnet going afk
(32:34 / Allies) bruceleepwnsUFC: teal
(32:37 / All) bruceleepwnsUFC: teal
(32:39 / All) bruceleepwnsUFC: trust me i know
(32:45 / All) bruceleepwnsUFC: i am still alive and kicking pink
(32:51 / All) bruceleepwnsUFC: orange and red are my right hand men
(32:57 / All) StandByYourMan: Wrong
(33:07 / All) StandByYourMan: You are my left foot man
(33:10 / All) StandByYourMan: Rod is my right hand
(33:14 / All) bruceleepwnsUFC: red and orange are gohan and vegeta, i am goku
(33:21 / All) I-Aint-A-Fink: You are #3 purple
(33:23 / All) I-Aint-A-Fink: Accept that
(33:26 / All) pimp2dagamee: u aint good
(33:29 / All) I-Aint-A-Fink: You are lucky to have a number Tyrone
(33:37 / All) bruceleepwnsUFC: pink is confused
(33:46 / All) pimp2dagamee: ur mother is confused
(33:52 / All) bruceleepwnsUFC: oh yes pink
(33:58 / All) bruceleepwnsUFC: to be a prick
(34:02 / All) pimp2dagamee: you guys jump on teams and tk people
(34:03 / All) bruceleepwnsUFC: i will take MY MINE
(34:13 / All) pimp2dagamee: u r a prick
(34:21 / All) pimp2dagamee: fucker
(34:34 / All) bruceleepwnsUFC: THERE U GO PINK
(34:39 / All) bruceleepwnsUFC: UR MINE wont be in vain
(34:45 / All) bruceleepwnsUFC: ahhh that feels good
(34:57 / All) bruceleepwnsUFC: pink has been trying to tk me entire game over this mine
(34:58 / All) pimp2dagamee: go fuck ur self
(35:26 / All) I-Aint-A-Fink: I got 2 lvl 10 dragons. This game is in my hands
(35:30 / All) StandByYourMan: This game was shit tbqh
(35:36 / All) bruceleepwnsUFC: it was fun for me
(35:38 / All) bruceleepwnsUFC: pink was pissed
(35:44 / All) StandByYourMan: and all I got to do was molest blue
(35:54 / All) pimp2dagamee: if u where in face i would knocked you out
(35:58 / All) StandByYourMan: and green a little bit
(36:01 / All) StandByYourMan: lol
(36:07 / All) pimp2dagamee: no joke i was about to punch the screen
(36:12 / All) bruceleepwnsUFC: that is a threat pink
(36:14 / All) bruceleepwnsUFC: i could report u
(36:17 / All) bruceleepwnsUFC: to the authorities
(36:23 / All) pimp2dagamee: oh im scared
(36:27 / All) pimp2dagamee: report my nuts
(36:48 / All) pimp2dagamee: ur gay tower boy
(37:19 / All) bruceleepwnsUFC: orange is a sexy human being with great wisdom and red is a warrior
(37:22 / All) StandByYourMan: yellow just left without a word
(37:24 / All) StandByYourMan: but never left game
(37:51 / All) StandByYourMan: yellow I like Dune too
(37:52 / All) StandByYourMan: great books
(38:01 / All) bruceleepwnsUFC: i feel like watching the alamo movie with dennis quaid
(38:06 / All) bruceleepwnsUFC: very historical
(38:09 / All) StandByYourMan: You are a gay
(38:10 / All) bruceleepwnsUFC: assholes betrayed
(38:12 / All) bruceleepwnsUFC: them
(38:29 / All) pimp2dagamee: what the point of this game fagz?
(38:31 / All) StandByYourMan: Shut up, left foot man. That's an order.
(38:33 / Allies) pimp2dagamee: what's*
(38:44 / All) StandByYourMan: You tell us
(38:57 / All) bruceleepwnsUFC: let me guess pink doesnt care about the win
(39:13 / All) pimp2dagamee: fuck u
(39:13 / All) StandByYourMan: he's 992-999
(39:22 / All) I-Aint-A-Fink: He will be 992-1000 now
(39:24 / All) I-Aint-A-Fink: Prettier number
(39:29 / All) StandByYourMan: Pink do you want a thousandth loss?
(39:44 / All) pimp2dagamee: go fuck ur self cornball
(39:49 / All) StandByYourMan: lol
(39:57 / All) StandByYourMan: I like his spirit
(39:58 / All) bruceleepwnsUFC: pink made this game worth it
(40:01 / All) StandByYourMan: and his rage comments
(40:02 / All) I-Aint-A-Fink: Teal and yellow are still afk
(40:29 / All) bruceleepwnsUFC: no i wont transmute ur mortars turncoat, i know if i do u will kill me
(40:44 / All) I-Aint-A-Fink: TOG ET THIS
(40:54 / All) I-Aint-A-Fink: I HAVE A +37 DAMAGE ARCHMAGE
(40:56 / All) I-Aint-A-Fink: WHAT THE FUCK
(41:07 / All) bruceleepwnsUFC: let me see
(41:14 / All) I-Aint-A-Fink: TWO CLAWS + 12, THREE MANTLES +3, A HOOD +4
(41:24 / All) I-Aint-A-Fink: THIS IS SO FUCKED UP
(41:34 / All) I-Aint-A-Fink: OK HERE IT IS
(41:38 / All) StandByYourMan: I needed that zeppelin
(41:43 / All) bruceleepwnsUFC: i didnt think u saw damn
(41:45 / All) bruceleepwnsUFC: kill me hero
(41:48 / All) bruceleepwnsUFC: as reimbursement
(41:56 / All) I-Aint-A-Fink: THE DAMAGE ON THIS AM IS SO FUCKED UP
(42:01 / All) StandByYourMan: you goddamn right I will
(42:03 / All) I-Aint-A-Fink: I WISH I WAS ORC AND THESE WERE +AGI ITEMS WITH A BM
(42:09 / All) I-Aint-A-Fink: 124781357891578957891598158715 DMG BALANCED CRITS
(42:10 / All) bruceleepwnsUFC: 3 pendants
(42:12 / All) bruceleepwnsUFC: go for 1k mana
(42:32 / All) StandByYourMan: 855 mana
(42:32 / All) bruceleepwnsUFC: who has pendant we need
(42:36 / All) bruceleepwnsUFC: for 1k mana on mk
(42:43 / All) I-Aint-A-Fink: 3 LVL 10 DRAGONS
(42:45 / All) StandByYourMan: 870
(42:58 / All) bruceleepwnsUFC: rod u got pednant?
(43:02 / All) StandByYourMan: alright stop following me jeez lol
(43:04 / All) I-Aint-A-Fink: NO.
(43:07 / All) I-Aint-A-Fink: JUST +37 DMG
(43:25 / All) StandByYourMan: 870 mana on mk is legit
(44:41 / All) bruceleepwnsUFC: i am playing with fire when i tease turncoat
(44:46 / All) StandByYourMan: rod feel free to kill my buildings
(44:54 / All) I-Aint-A-Fink: I AM 100/100 WITH +37 DMG AM AND 3 LVL 10 DRAGONS LOL. I SHOULD HAVE ACCEPTED STABBER CHALLENGE
(44:57 / All) StandByYourMan: except food and factories
(45:00 / All) I-Aint-A-Fink: I CANNOT KILL YOUR BUILDINGS FAST ENOUGH MANG
(45:03 / All) I-Aint-A-Fink: TOO LITTLE DPS
(45:21 / All) bruceleepwnsUFC: teal was being a dick with his bm
(45:29 / All) bruceleepwnsUFC: pissed off pink
(46:02 / All) bruceleepwnsUFC: i liked this game
(46:04 / All) bruceleepwnsUFC: to be honest
(46:08 / All) bruceleepwnsUFC: pink was cool
(46:11 / All) I-Aint-A-Fink: BEST ITEMS AND ARMY IHAVE EVER HAD
(46:35 / All) I-Aint-A-Fink: ABOUT TO GO 100/100 FROM 98/100 DUE TO PHEASANTS DYING
(46:56 / All) I-Aint-A-Fink: SUP
(47:00 / All) StandByYourMan: I never got the bomb upgrade
(47:05 / All) I-Aint-A-Fink: Raped
(47:12 / All) StandByYourMan: alright just kill it all lawls
(47:28 / All) bruceleepwnsUFC: i concede rod is a the greatest man alive
(47:28 / All) I-Aint-A-Fink: TWO CONTROL GROUPS THREE LVL 10 DRAGONS +37 DMG ARCHMAGE 3/3 FULLY UPGRADED
(47:37 / All) I-Aint-A-Fink: HOLY SHIT
(47:38 / All) I-Aint-A-Fink: THIS ARMY
(47:41 / All) I-Aint-A-Fink: NOTHING CAN KILL THIS
(47:48 / All) bruceleepwnsUFC: tanks
(47:53 / All) I-Aint-A-Fink: LVL 10 DRAGONS
(47:55 / All) I-Aint-A-Fink: CHAOS DAMAGE
(47:56 / All) I-Aint-A-Fink: FAGGOT
(47:57 / All) I-Aint-A-Fink: FUCK YOU
(48:03 / All) StandByYourMan: gyros
(48:11 / All) I-Aint-A-Fink: LVL 10 DRAGONS RAPE GYROS
(48:25 / All) I-Aint-A-Fink: Why did they go from gyros in RoC to flying machines in TFT anyway?
(48:28 / All) StandByYourMan: I think gyros are 1 food
(48:36 / All) StandByYourMan: a lot of units changed lawls
(48:38 / All) StandByYourMan: for no reason
(48:44 / All) I-Aint-A-Fink: Gyrocopter sounds much cooler
(48:49 / All) StandByYourMan: catapults/demolishers
(48:55 / All) StandByYourMan: balistae/whatever they are
(49:02 / All) StandByYourMan: Glaives
(49:17 / All) StandByYourMan: I call a lot of shit by it's ROC name too
(49:25 / All) StandByYourMan: even tho I played TFT longer
(49:30 / All) bruceleepwnsUFC: how long did yellow have choke points towered we never scouted
(49:41 / All) StandByYourMan: but like 60 gyros would rape that army in 10 seconds
(49:43 / All) I-Aint-A-Fink: Almost all game
(49:55 / All) I-Aint-A-Fink: Well fuck you good sir, it kills every other army in the game
(50:04 / All) I-Aint-A-Fink: Mass tanks couldn't beat this btw
(50:09 / All) I-Aint-A-Fink: lvl 10 dragons do chaos damage
(50:11 / All) I-Aint-A-Fink: fucks tanks up
(50:20 / All) bruceleepwnsUFC: we've been in this situation before turncoat, rod with power is not a good thing
(50:29 / All) StandByYourMan: loz
(50:46 / All) I-Aint-A-Fink: I wouldn't fight you this game, it could ruin my PERFECT army and hero
(50:50 / All) I-Aint-A-Fink: +37 dmg holy fuck
(50:58 / All) bruceleepwnsUFC: start killign ur base my team is gone
(51:10 / All) bruceleepwnsUFC: sir
(52:30 / All) I-Aint-A-Fink: If I left, do you think teal or yellow would use my army?
(52:32 / All) I-Aint-A-Fink: Just curious
(52:35 / All) bruceleepwnsUFC: yes
(52:40 / All) StandByYourMan: well I'd fight them overi t
(52:41 / All) I-Aint-A-Fink: That would be funny
(52:49 / All) I-Aint-A-Fink: Is only 2 control groups
(52:53 / All) I-Aint-A-Fink: 24 units exactly
(53:29 / All) bruceleepwnsUFC: yes that army rapes
(53:45 / All) StandByYourMan: I would que up killing your units
(53:46 / All) bruceleepwnsUFC: only thing it doesnt have is a movement aura
(53:46 / All) I-Aint-A-Fink: I can't get over my AM having +37 damage
(53:49 / All) StandByYourMan: and then not let them control your units
(54:19 / All) bruceleepwnsUFC: imr eviving greens hero they may have mana pendant for ur mk
(54:34 / All) I-Aint-A-Fink: Fuck, I would buy a 4th lvl 10 dragon but I would need more farms
(54:39 / All) I-Aint-A-Fink: should have waited to kill my stuff
(54:45 / All) I-Aint-A-Fink: oh well, more units this way anyhow
(54:50 / All) I-Aint-A-Fink: would only be 23 units with another dragon
(55:01 / All) bruceleepwnsUFC: archmage vs alchemist battle?
(55:08 / All) I-Aint-A-Fink: FUCK, I accidentally killed a dragon
(55:14 / All) bruceleepwnsUFC: test ur 37 dam archmage rod
(55:18 / All) StandByYourMan: I was wondering why you did that
(55:31 / All) I-Aint-A-Fink: I can't bear to play any longer, my dragon is dead
(55:34 / All) I-Aint-A-Fink: I am ALTQQ
(56:11 / All) bruceleepwnsUFC: im getting wyverns
(56:24 / All) bruceleepwnsUFC: u here?
(56:27 / All) StandByYourMan: yes
(56:32 / All) StandByYourMan: killing his units
(56:34 / All) bruceleepwnsUFC: im getting wyverns have 78k gold
(56:42 / All) bruceleepwnsUFC: 7k
(57:16 / All) StandByYourMan: they were both afk
(57:24 / All) bruceleepwnsUFC: why does rod do that
(57:31 / All) StandByYourMan: dunno
(57:39 / All) bruceleepwnsUFC: he isnt even screwing us
(58:06 / All) StandByYourMan: kill am
(61:01 / All) StandByYourMan: want me to kill last building?
(61:04 / All) bruceleepwnsUFC: yes